 Dungeon Crawl Stone Soup version 0.29-a0-96-g93358da72b (webtiles) character file.

Game seed: 2675745552808511672

204 Grim the Bolt Thrower (level 6, 0/43 HPs)
             Began as a Human Arcane Marksman on Feb 13, 2022.
             Slain by an orc (6 damage)
             ... on level 2 of the Dungeon.
             The game lasted 00:05:19 (3023 turns).

Grim the Bolt Thrower (Human Arcane Marksman)       Turns: 3023, Time: 00:05:19

Health: 0/43       AC:  4    Str: 10    XL:     6   Next: 9%
Magic:  7/7        EV: 12    Int: 14    God:
Gold:   89         SH:  0    Dex: 15    Spells: 3/7 levels left

rFire   . . .      SeeInvis .   b - +0 short sword
rCold   . . .      Faith    .   (no shield)
rNeg    . . .      Spirit   .   d - +0 robe
rPois   .          Reflect  .   e - +0 helmet
rElec   .          Harm     .   (no cloak)
rCorr   .          Rampage  .   q - +0 pair of gloves
Will    .....                   (no boots)
Stlth   +.........              (no amulet)
HPRegen 0.14/turn               (no ring)
MPRegen 0.10/turn               (no ring)

@: no status effects
A: no striking features
a: no special abilities


You were on level 2 of the Dungeon.
You visited 1 branch of the dungeon, and saw 3 of its levels.

You collected 89 gold pieces.

Inventory:

Hand Weapons
 a - a +0 hand crossbow
 b - a +0 short sword (weapon)
Missiles
 c - 26 bolts
 o - 6 boomerangs (quivered)
 r - a throwing net
Armour
 d - a +0 robe (worn)
 e - a +0 helmet (worn)
 q - a +0 pair of gloves (worn)
Scrolls
 f - 2 scrolls of fog {unknown}
 g - 2 scrolls of brand weapon {unknown}
 m - a scroll of holy word {unknown}
 n - a scroll of blinking {unknown}
 p - a scroll of identify {unknown}
 s - a scroll of enchant weapon {unknown}
Potions
 h - 2 potions of attraction {unknown}
 i - 2 potions of curing {unknown}
 j - 2 potions of degeneration {unknown}
 k - a potion of might {unknown}
 l - a potion of invisibility {unknown}


   Skills:
 - Level 1.0 Fighting
 + Level 4.7 Crossbows
 - Level 2.0 Dodging
 - Level 1.0 Spellcasting
 * Level 4.5 Hexes


You had 3 spell levels left.
You knew the following spells:

 Your Spells              Type           Power      Damage    Failure   Level
a - Slow                  Hex            52%        N/A       4%          1
b - Inner Flame           Hex/Fire       7%         N/A       30%         3

Your spell library contained the following spells:

 Spells                   Type           Power      Damage    Failure   Level
 Pain                     Necr           0%         1d4       26%         1
 Portal Projectile        Hex/Tloc       14%        N/A       30%         3
 Cause Fear               Hex            6%         N/A       38%         4
 Animate Dead             Necr           0%         N/A       95%         4
 Death's Door             Necr           0%         N/A       100%        9


Dungeon Overview and Level Annotations

Branches:
Dungeon (3/15)

Altars:


Message History

The orc priest looks encouraged for a moment.
You hit the orc priest but do no damage.
The orc priest is severely wounded.
The orc priest looks braver for a moment.
You closely miss the orc priest.
The orc priest is severely wounded.
The orc priest invokes the aid of Beogh against you.
You barely resist.
The orc priest hits you with a +0 morningstar of protection!
* * * LOW HITPOINT WARNING * * *
You hit the orc priest.
The orc priest is severely wounded.
The orc hits you with a +0 short sword.
* * * LOW HITPOINT WARNING * * *
The orc hits you with a +0 hand axe.
* * * LOW HITPOINT WARNING * * *
The orc priest closely misses you. The orc closely misses you.
You hear the rapid rusting of a distant drain.
The orc barely misses you.
Things that are here:
a bolt; a ball python skeleton
There is a stone staircase leading up, spattered with blood here.
The orc barely misses you. The orc priest misses you.
You climb upwards.
There is a stone staircase leading down here.
You hit the orc priest but do no damage.
The orc priest is severely wounded.
The orc barely misses you.
The orc priest invokes the aid of Beogh against you.
Beogh smites you!
* * * LOW HITPOINT WARNING * * *
You hit the orc priest.
The orc priest is almost dead.
The orc hits you with a +0 hand axe.
* * * LOW HITPOINT WARNING * * *
The orc priest closely misses you.
You closely miss the orc priest.
The orc priest is almost dead.
The orc hits you with a +0 hand axe.
You die...

#.#.# #†#.# ##### #.#.# ....#
#†#.# ....# ######## #.#.# ....#
#......# #(..# ....# #......#
##### ....#######......#
........g.'.....@#
....###.###....oo################
....# #.# #......##....g...g.....
##### #.# #......##.#############
#.# #######.....# #.# #.....# ###
#.# #.....# ..#####.### ##.....#
..'.......# #......#


You could see an orc priest and an orc.

Vanquished Creatures
  Robin (D:2)
  8 gnolls
  3 adders
  2 worms (D:2)
  2 dart slugs
  2 orcs (D:3)
  5 ball pythons
  5 endoplasms
  A giant cockroach (D:1)
  10 goblins (D:2)
  8 hobgoblins
  3 jackals (D:1)
  4 quokkas
  9 bats
  5 frilled lizards
  7 kobolds
  3 rats
78 creatures vanquished.

Vanquished Creatures (others)
  2 fungi (D:1)
  4 toadstools (D:1)
6 creatures vanquished.

Grand Total: 84 creatures vanquished

Notes
Turn   | Place    | Note
-------+----------+-------------------------------------------
     0 | D:1      | Grim the Human Arcane Marksman began the quest for the Orb.
     0 | D:1      | Reached XP level 1. HP: 15/15 MP: 2/2
   110 | D:1      | Reached XP level 2. HP: 21/21 MP: 3/3
   669 | D:1      | Reached XP level 3. HP: 26/26 MP: 4/4
   784 | D:1      | Found a faded altar of an unknown god.
  1102 | D:2      | Reached XP level 4. HP: 27/32 MP: 5/5
  1103 | D:2      | Noticed Robin
  1401 | D:2      | Reached XP level 5. HP: 37/37 MP: 6/6
  1792 | D:1      | Learned a level 3 spell: Inner Flame
  1843 | D:2      | Got Bejudgh's Reference Book on Unholy Secrets
  2214 | D:2      | Killed Robin
  2677 | D:3      | Reached XP level 6. HP: 42/43 MP: 7/7
  3023 | D:2      | Slain by an orc

Illustrated notes

Levels and vault maps discovered:
D:1:      ldierk_water_garden, layout_basic, shapermc_ecumenical_altar_petra
D:2:      layout_basic, uniq_robin
D:3:      layout_rooms, cheibrodos_sewer_entry_sluice, feat_on_display

Skill      XL: |  1  2  3  4  5 |
---------------+----------------+-----
Crossbows      | 3 4 |  4.7
Hexes          | 4 |  4.5
Fighting       | |  1.0
Dodging        | |  2.0
Spellcasting   | |  1.0

Action                   |  1- 3 |  4- 6 || total
-------------------------+-------+-------++-------
Melee: Short sword       |    14 |    76 ||    90
       Punch             |       |     1 ||     1
 Fire: Hand crossbow     |    48 |    97 ||   145
 Cast: Slow              |       |     4 ||     4
Armor: Robe              |     1 |    12 ||    13
Dodge: Dodged            |    14 |    51 ||    65

Table legend: (Time is in decaauts)
 A = Elapsed time spent in this place.
 B = Non-inter-level travel time spent in this place.
 C = Inter-level travel time spent in this place.
 D = Time resting spent in this place.
 E = Time spent auto-exploring this place.
 F = Levels seen in this place.
 G = Mean time per level.
                   A        B        C        D        E       F      G
               +--------+--------+--------+--------+--------+-----+--------+
         Total |   3075 |   2987 |     88 |    722 |   1545 |   3 | 1025.0 |
       Dungeon |   3075 |   2987 |     88 |    722 |   1545 |   3 | 1025.0 |
               +--------+--------+--------+--------+--------+-----+--------+

Top non-repeatable levels by time:
     D:2: 1658 daAuts
     D:1: 931 daAuts
     D:3: 485 daAuts
